AoeStats
← Iamak3186

Glade

503781829Analyzed
1v1 RM · 1mo ago on Sep 2, 2026· 22m 13s· 2 players
Game mode
Random Map
Map size
Tiny (2 player)
Population
200
Speed
Normal
Resources
Standard
Victory
Conquest
Starting age
Dark Age
Ending age
Imperial Age
RankedLock teamsTeams togetherTeam positionsShared explorationLock speedFull tech treeHidden civsTurbo modeCheats
Victory
Defeat
🇮🇳 Japanese · India
1274
+16
🇹🇷 Malay · Türkiye
1266
-16
BigBadBearD
2:00 Loom
10:26 Feudal Age
11:06 Man-at-Arms
18:09 Castle Age
16:41 Double-Bit Axe
16:51 Stone Mining
20:03 Horse Collar
Iamak3186
10:55 Feudal Age
11:01 Feudal Age
15:08 Castle Age
13:53 Double-Bit Axe
14:07 Horse Collar
16:31 Bow Saw
16:25 Scale Mail Armor
Connection lost

Rejoining the realm…

Still unreachable

The connection could not be restored.

Session expired

The server has moved on; the page needs a fresh start.